 Dungeon Crawl Stone Soup version 0.31.0-1-g2c135a008e (webtiles) character file.

Game seed: 4328374622326374959

103 qw the Shooter (level 5, -4/40 HPs)
             Began as a Djinni Hunter on Jan 23, 2024.
             Killed by nerve-wracking pain
             ... invoked by Jessica
              (6 damage)
             ... on level 2 of the Dungeon.
             The game lasted 00:00:05 (1237 turns).

qw the Shooter (Djinni Hunter)                      Turns: 1237, Time: 00:00:06

Health: -4/40      AC:  5    Str: 10    XL:     5   Next: 6%
Gold:   52         EV: 11    Int: 11    God:
                   SH:  0    Dex: 18

rFire   + + .        a - +0 shortbow
rCold   x . .        (shield currently unavailable)
rNeg    . . .        d - +0 ring mail
rPois   inf          (no helmet)
rElec   .            (no cloak)
rCorr   .            (no gloves)
SInv    .            (boots unavailable)
Will    .....        (no amulet)
Stlth   +            (no ring)
HPRegen 0.26/turn    (no ring)
MPRegen 0.00/turn

%: infuse magic (-5 HP)
@: flying
A: sickness immunity, fire resistance 2, cold vulnerability 1, float, innate
caster, HP casting, extra vitality 1
a: no special abilities


You were on level 2 of the Dungeon.
You visited 1 branch of the dungeon, and saw 2 of its levels.

You collected 94 gold pieces.
You spent 42 gold pieces at shops.


Innate Abilities, Weirdness & Mutations

You are immune to sickness and miasma.
You are immune to poison.
Your flesh is very heat resistant. (rF++)
You are vulnerable to cold. (rC-)
You float through the air rather than walking.
You learn spells naturally, not from books.
Your magical power is your life essence.
You have superior vitality. (+4 MHP)


   Skills:
 - Level 3.4 Fighting
 + Level 4.2 Ranged Weapons
 - Level 1.0 Armour
 - Level 2.1 Dodging
 - Level 0.7 Stealth


You knew the following spells:

 Your Spells              Type           Power      Damage    Failure   Level
a - Magic Dart            Conj           0%         1d3       65%         1
b - Scorch                Fire           0%         2d5       80%         2
Your spell library was empty.

Inventory:

Hand Weapons
 a - a +0 shortbow (weapon)
Armour
 d - a +0 ring mail (worn)
Jewellery
 c - a ring of willpower
Scrolls
 e - 2 scrolls of noise {unknown}
 f - a scroll of summoning {unknown}
 h - a scroll of identify
Potions
 b - a potion of might {unknown}
 g - a potion of haste
 i - a potion of curing
 j - a potion of heal wounds {unknown}
 k - a potion of magic {unknown}
 l - a potion of cancellation {unknown}

Dungeon Overview and Level Annotations

Branches:
Dungeon (2/15)

Altars:

Shops:
D:1 !

Annotations:
D:2 Jessica


Message History

The quokka misses you. The quokka bites you. x2
You shoot an arrow. The arrow closely misses the quokka.
The arrow closely misses Jessica.
The quokka closely misses you. x2; The quokka misses you.
You shoot an arrow. The arrow hits the quokka!
You kill the quokka!
Jessica gestures wildly while chanting.
Jessica seems to speed up.
The quokka bites you but does no damage.
You shoot an arrow. The arrow closely misses Jessica.
The quokka closely misses you. Jessica hits you but does no damage.
The quokka misses you. Jessica hits you with a +0 dagger.
You shoot an arrow. The arrow completely misses Jessica.
Jessica gestures at you while chanting. Pain shoots through your body!
The quokka bites you but does no damage.
Jessica gestures at you while chanting.
You struggle to resist.
The quokka bites you.
You shoot an arrow. The arrow hits Jessica.
Jessica is moderately wounded.
Jessica barely misses you. The quokka barely misses you.
Jessica closely misses you.
You shoot an arrow. The arrow closely misses Jessica.
The quokka bites you. Jessica hits you with a +0 dagger.
The quokka barely misses you. Jessica hits you but does no damage.
You shoot an arrow. The arrow barely misses Jessica.
Jessica barely misses you. The quokka misses you. Jessica barely misses you.
You shoot an arrow. The arrow closely misses Jessica.
The quokka misses you. Jessica misses you. The quokka closely misses you.
Jessica hits you with a +0 dagger.
You shoot an arrow. The arrow hits Jessica.
Jessica is heavily wounded.
Jessica hits you with a +0 dagger. The quokka bites you.
Jessica closely misses you.
The quokka bites you but does no damage.
You shoot an arrow. The arrow hits Jessica.
Jessica is almost dead.
Jessica casts a spell at you. Pain shoots through your body!
You die...

.<....#####......#
......# #....###.#
.....%# #.#.####.#
..###.# #......#.##
......###.........##
.......#..#####....#
.....#...##??!##...#
.....#...#.....#r..#
##...#...#.....@@..#
#..##...#.....#...#
.#..###..##!!. #..##
.#....#...#####..##
.#..#...........##
.#.<###........##
.#...........###
.#..###......#
.#...##......#


You could see Jessica (fast) and a quokka.

Vanquished Creatures
  A hound (D:2)
  An adder (D:2)
  5 dart slugs
  4 endoplasms
  3 giant cockroaches
  3 goblins
  8 hobgoblins
  4 kobolds (D:1)
  4 quokkas
  3 ball pythons
  8 bats
  2 frilled lizards
  4 rats
50 creatures vanquished.

Notes
Turn   | Place    | Note
-------+----------+-------------------------------------------
     0 | D:1      | qw the Djinni Hunter began the quest for the Orb.
     0 | D:1      | Reached XP level 1. HP: 18/18 MP: 0/0
     0 | D:1      | 0 ||| qw: Version: 0.3-a-135-gb77e89d
     0 | D:1      | 0 ||| qw: Game counter: 952
     0 | D:1      | 0 ||| qw: Melee chars always use a shield: true
     0 | D:1      | 0 ||| qw: God list: Okawaru
     0 | D:1      | 0 ||| qw: Allow faded altars: false
     0 | D:1      | 0 ||| qw: Do Orc after clearing Dungeon:15 true
     0 | D:1      | 0 ||| qw: Do second Lair branch before Depths: true
     0 | D:1      | 0 ||| qw: Lair rune preference: random
     0 | D:1      | 0 ||| qw: Goals: Normal
     0 | D:1      | 0 ||| PLANNING D:1-11
   118 | D:1      | Reached XP level 2. HP: 21/23 MP: 0/0
   290 | D:1      | Reached XP level 3. HP: 27/28 MP: 0/0
   290 | D:1      | Learned a level 1 spell: Magic Dart
   314 | D:1      | Reached skill level 4 in Ranged Weapons
   611 | D:1      | Found Eliulient's Distillery.
   619 | D:1      | 619 ||| BUYING potion of curing (42 gold).
   619 | D:1      | Bought a potion of curing for 42 gold pieces
   619 | D:1      | 619 ||| SHOPLISTING potion of curing (42 gold, have 7).
   619 | D:1      | 619 ||| SHOPLISTING potion of haste (140 gold, have 7).
   619 | D:1      | 619 ||| SHOPLISTING potion of might (56 gold, have 7).
   619 | D:1      | 619 ||| SHOPLISTING potion of mutation (112 gold, have 7).
   822 | D:1      | 822 ||| UPGRADING to +0 ring mail.
   832 | D:1      | 832 ||| DROPPING +0 leather armour.
   833 | D:1      | 833 ||| READING 2 scrolls labelled LECVIO PIPLEA.
   833 | D:1      | 833 ||| IDENTIFYING brown potion
   834 | D:1      | 834 ||| READING scroll of identify.
   834 | D:1      | 834 ||| IDENTIFYING viscous puce potion
   835 | D:1      | 835 ||| READING scroll labelled ZYKHLO VYOGETY.
   840 | D:1      | 840 ||| DROPPING scroll of butterflies.
   841 | D:1      | 841 ||| DROPPING potion of lignification.
   893 | D:2      | 893 ||| FLEEEEING.
   895 | D:2      | 895 ||| FLEEEEING.
   896 | D:2      | 896 ||| FLEEEEING.
   897 | D:2      | 897 ||| FLEEEEING.
   899 | D:2      | 899 ||| FLEEEEING.
   900 | D:2      | 900 ||| FLEEEEING.
  1015 | D:2      | Reached skill level 1 in Armour
  1024 | D:2      | Reached XP level 4. HP: 34/34 MP: 0/0
  1041 | D:2      | Reached skill level 3 in Fighting
  1162 | D:2      | Reached XP level 5. HP: 40/40 MP: 0/0
  1162 | D:2      | Learned a level 2 spell: Scorch
  1217 | D:2      | Noticed Jessica
  1233 | D:2      | HP: 9/40 [Jessica/+0 dagger (6)]
  1236 | D:2      | HP: 2/40 [quokka (3)]
  1237 | D:2      | Killed from afar by Jessica

Levels and vault maps discovered:
D:1:      dpeg_arrival_tiny_h, layout_basic, serial_shops, nicolae_square_shop,
          bh_walls_and_bars
D:2:      minmay_recursive_quarters, layout_rooms, basic_altar,
          kennysheep_jessica_study

Skill      XL: |  1  2  3  4 |
---------------+-------------+-----
Ranged Weapons | 4 |  4.2
Armour         | 1 |  1.0
Fighting       | 3 |  3.4
Dodging        | |  2.1
Stealth        | |  0.7

Action                     |  1- 3 |  4- 6 || total
---------------------------+-------+-------++-------
   Fire: Shortbow          |    99 |    53 ||   152
    Use: Scroll            |     3 |       ||     3
 Armour: Leather armour    |    14 |       ||    14
         Ring mail         |     3 |    25 ||    28
  Dodge: Dodged            |    27 |    37 ||    64

Table legend:
 A = Non-vault XP
 B = Vault XP
 C = Vault XP percentage of total XP
 D = Non-vault monster count
 E = Vault monster count
 F = Vault count percentage of total count
                 A         B        C        D         E       F
            +---------+---------+-------+---------+---------+-------
      Total |     135 |      13 |   8.8 |      43 |       7 |  14.0
            +---------+---------+-------+---------+---------+-------
        D:1 |      53 |       0 |   0.0 |      28 |       0 |   0.0
        D:2 |      82 |      13 |  13.7 |      15 |       7 |  31.8
            +---------+---------+-------+---------+---------+-------
